 Dungeon Crawl Stone Soup version 0.31-a0-175-g9f7f995f2b (webtiles) character file.

Game seed: 201227205079599654

50 Moral the Trooper (level 3, -1/33 HPs)
             Began as a Barachi Fighter on June 17, 2023.
             Slain by Jessica
             ... wielding a +0 dagger
              (6 damage)
             ... on level 3 of the Dungeon.
             The game lasted 00:03:11 (1606 turns).

Moral the Trooper (Barachi Fighter)                 Turns: 1606, Time: 00:03:11

Health: -1/33      AC:  7    Str: 17    XL:     3   Next: 79%
Magic:  3/3        EV:  9    Int:  8    God:
Gold:   137        SH:  4    Dex: 13    Spells: 2/2 levels left

rFire   . . .        a - +0 long sword
rCold   + . .        c - +0 buckler
rNeg    . . .        b - +0 scale mail
rPois   .            i - +1 hat
rElec   .            (no cloak)
rCorr   .            (no gloves)
SInv    .            (no boots)
Will    .....        (no amulet) Stlth
                     h - ring of protection from cold
HPRegen 0.25/turn    (no ring)
MPRegen 0.08/turn

%: no passive effects
@: slow
A: amphibious, slowness 1, strong legs 1, +LOS
a: Hop


You were on level 3 of the Dungeon.
You visited 1 branch of the dungeon, and saw 3 of its levels.

You collected 137 gold pieces.

Inventory:

Hand Weapons
 a - a +0 long sword (weapon)
Armour
 b - a +0 scale mail (worn)
 c - a +0 buckler (worn)
 i - a +1 hat (worn)
Jewellery
 h - a ring of protection from cold (left hand)
Scrolls
 e - 3 scrolls of identify {unknown}
 f - 5 scrolls of vulnerability {unknown}
 j - a scroll of enchant armour {unknown}
 l - a scroll of noise {unknown}
Potions
 d - a potion of might
 g - 2 potions of curing {unknown}
 k - a potion of heal wounds {unknown}
 m - a potion of lignification {unknown}


   Skills:
 * Level 5.0 Fighting
 + Level 3.4 Long Blades
 - Level 3.6 Armour
 - Level 3.2 Shields


You had 2 spell levels left.
You didn't know any spells.
Your spell library contained the following spells:

 Spells                   Type           Power      Damage    Failure   Level
 Apportation              Tloc           0%         N/A       88%         1
 Necrotise                Necr           0%         1d4       88%         1
 Slow                     Hex            0%         N/A       88%         1
 Summon Small Mammal      Summ           0%         N/A       88%         1
 Confusing Touch          Hex            0%         N/A       99%         3
 Inner Flame              Hex/Fire       0%         N/A       99%         3
 Ozocubu's Armour         Ice            0%         N/A       99%         3
 Vampiric Draining        Necr           0%         2d6       99%         3
 Yara's Violent Unravell  Hex/Tmut       0%         3d3       100%        5
 Enfeeble                 Hex            0%         N/A       100%        7
 Ozocubu's Refrigeration  Ice            0%         4d7       100%        7


Dungeon Overview and Level Annotations

Branches:
Dungeon (3/15)

Altars:

Annotations:
D:3 Jessica


Innate Abilities, Weirdness & Mutations

You are amphibious.
You cover ground slowly.
You can hop short distances.
You have an extended range of vision and can be seen from far away.


Message History

There are monsters nearby!
There are monsters nearby!
Jessica the Apprentice Sorceress comes into view.
She is wielding a +0 dagger and wearing a +2 robe of willpower.
Jessica shouts!
A ball python comes into view.
You block the goblin's attack.
Jessica looks very angry.
Jessica mumbles some strange words.
Jessica seems to speed up.
You block the goblin's attack.
You barely miss the goblin. The goblin hits you with a +0 dagger.
You closely miss the goblin. The goblin closely misses you.
The rat attacks as you move away! The rat bites you.
The goblin hits you but does no damage. The goblin attacks as you move away!
The goblin barely misses you. The goblin hits you but does no damage.
You closely miss the goblin. The goblin barely misses you.
You hit the goblin.
You kill the goblin!
Jessica mumbles some strange words.
Jessica blinks!
You slash the ball python!
You kill the ball python!
Jessica mumbles something strange.
You slash the rat!
You kill the rat!
Jessica gestures wildly while chanting.
Jessica blinks!
Items here: ) †††.
Jessica casts a spell at you. Pain shoots through your body!
You hit Jessica.
Jessica is heavily wounded.
Jessica gestures at you while chanting. Pain shoots through your body!
* * * LOW HITPOINT WARNING * * *
Jessica hits you but does no damage.
You barely miss Jessica.
Jessica is heavily wounded.
Jessica hits you with a +0 dagger.
You die...

#### ...# ...# ...# ...#
####
...################.....#
..............).@........
...############.@.......#
...# #.........# ...####
#.........# ......#
#.......... #.....#
........... #.....#
...####.... †....## ....#
.... ###### ###.# ...


You could see Jessica (fast).

Vanquished Creatures
  2 worms (D:2)
  2 dart slugs
  An orc (D:2)
  7 endoplasms
  2 giant cockroaches
  3 goblins
  3 hobgoblins
  6 kobolds
  2 quokkas
  2 ball pythons
  4 bats
  A frilled lizard (D:2)
  3 rats
38 creatures vanquished.

Notes
Turn   | Place    | Note
-------+----------+-------------------------------------------
     0 | D:1      | Moral the Barachi Fighter began the quest for the Orb.
     0 | D:1      | Reached XP level 1. HP: 18/18 MP: 1/1
    53 | D:1      | Reached skill level 4 in Fighting
    96 | D:1      | Reached XP level 2. HP: 25/25 MP: 2/2
   211 | D:1      | Found a faded altar of an unknown god.
   770 | D:2      | Reached XP level 3. HP: 30/31 MP: 3/3
  1532 | D:3      | Reached skill level 5 in Fighting
  1592 | D:3      | Noticed Jessica
  1606 | D:3      | Slain by Jessica

Illustrated notes

Levels and vault maps discovered:
D:1:      mushboom_english_gardens, layout_rooms,
          hellmonk_ecumenical_altar_blasted
D:2:      layout_basic
D:3:      layout_basic, uniq_jessica

Skill      XL: |  1  2  3 |
---------------+----------+-----
Fighting       | 4 5 |  5.0
Long Blades    | 3 |  3.4
Armour         | |  3.6
Shields        | |  3.2

Action                     || total
---------------------------++-------
  Melee: Long sword        ||   139
 Armour: Scale mail        ||    60
  Dodge: Dodged            ||    65
  Block: Buckler           ||    32

Table legend: (Time is in decaauts)
 A = Elapsed time spent in this place.
 B = Non-inter-level travel time spent in this place.
 C = Inter-level travel time spent in this place.
 D = Time resting spent in this place.
 E = Time spent auto-exploring this place.
 F = Levels seen in this place.
 G = Mean time per level.
                   A        B        C        D        E       F      G
               +--------+--------+--------+--------+--------+-----+--------+
         Total |   1906 |   1893 |     13 |      0 |   1380 |   3 |  635.3 |
       Dungeon |   1906 |   1893 |     13 |      0 |   1380 |   3 |  635.3 |
               +--------+--------+--------+--------+--------+-----+--------+

Top non-repeatable levels by time:
     D:2: 1075 daAuts
     D:1: 615 daAuts
     D:3: 215 daAuts
